 Dungeon Crawl Stone Soup version 0.20-a0-517-g5f97612 (webtiles) character file.

314211 Gorice the Fencer (level 21, -3/184 HPs)
             Began as a Barachian Fighter on Jan 22, 2017.
             Was the Champion of Okawaru.
             Killed from afar by a deep elf sorcerer (36 damage)
             ... with damnation
             ... led by an ironheart preserver
             ... on level 3 of the Vaults on Jan 24, 2017.
             The game lasted 04:45:56 (56937 turns).

Gorice the Fencer (Barachian Fighter)              Turns: 56937, Time: 04:45:56

Health: -3/184     AC: 24    Str: 21    XL:     21   Next: 35%
Magic:  30/30      EV: 18    Int: 12    God:    Okawaru [******]
Gold:   1817       SH:  6    Dex: 17    Spells: 20/20 levels left

rFire    . . .     SeeInvis +   a - +5 demon blade (elec)
rCold    + . .     Gourm    .   c - +2 plate armour {rPois}
rNeg     . . .     Faith    +   f - +1 buckler "Miewnug" {rC+ Int+4}
rPois    +         Spirit   .   p - +1 hat {MR+}
rElec    +         Reflect  .   A - +0 cloak of the Robin {*Drain rElec Dex+2 Slay+3}
rCorr    .         Harm     .   t - +2 pair of gloves {Dex+3}
MR       ++...                  s - +1 pair of boots {run}
Stlth    ..........             e - amulet of faith {!P}
Regen    0.4/turn               i - ring of see invisible
                                v - +3 ring of evasion

@: corroded, drained
A: swims, robust 1, slowness 1, strong legs 2
}: 2/15 runes: decaying, serpentine
a: Hop, Heroism, Finesse, Renounce Religion


You were on level 3 of the Vaults.
You worshipped Okawaru.
Okawaru was exalted by your worship.
You were hungry.

You visited 7 branches of the dungeon, and saw 35 of its levels.
You also visited: Sewer.

You collected 3371 gold pieces.
You spent 1554 gold pieces at shops.

Inventory:

Hand Weapons
 a - a +5 demon blade of electrocution (weapon)
   (Okawaru gifted it to you on level 1 of the Swamp)
 b - a +2 double sword of draining
   (Okawaru gifted it to you on level 12 of the Dungeon)
 B - a +0 blowgun
Missiles
 w - 8 poisoned tomahawks (quivered)
 C - 14 curare-tipped needles
 U - 7 tomahawks of returning
 Y - a throwing net
Armour
 c - a +2 plate armour of poison resistance (worn)
   (Okawaru gifted it to you on level 4 of the Swamp)
 d - a +1 cloak
 f - the +1 buckler "Miewnug" (worn) {rC+ Int+4}
   (You found it on level 2 of the Snake Pit)

   It affects your intelligence (+4).
   It protects you from cold.
 p - a +1 hat of magic resistance (worn)
   (Okawaru gifted it to you on level 2 of the Snake Pit)
 s - a +1 pair of boots of running (worn)
   (Okawaru gifted it to you on level 2 of the Orcish Mines)
 t - a +2 pair of gloves of dexterity (worn)
   (You bought it in a shop on level 2 of the Orcish Mines)
 A - the +0 cloak of the Robin (worn) {*Drain rElec Dex+2 Slay+3}
   (You found it on level 6 of the Lair of Beasts)

   It affects your dexterity (+2).
   It affects your accuracy and damage with ranged weapons and melee attacks
   (+3).
   It insulates you from electricity.
   It causes draining when unequipped.
Jewellery
 e - an amulet of faith (around neck) {!P}
 i - a ring of see invisible (right hand)
 m - an uncursed ring of protection from magic
 v - a +3 ring of evasion (left hand)
 F - an uncursed ring of protection from fire
Wands
 g - a wand of iceblast (7/15)
 M - a wand of digging (18/24)
 N - a wand of disintegration (4/24)
 W - a wand of paralysis (10/24)
Scrolls
 h - 15 scrolls of teleportation {!r}
 x - 7 scrolls of magic mapping {!r}
 y - 2 scrolls of fog
 z - 3 scrolls of fear {!r}
 H - 21 scrolls of remove curse
 K - a scroll of summoning {!r}
 O - 10 scrolls of blinking
 P - 14 scrolls of identify
Potions
 k - 7 potions of curing
 l - 3 potions of haste {!q}
 n - 5 potions of agility {!q}
 q - 10 potions of heal wounds {!q}
 D - 3 potions of invisibility {!q}
 E - 5 potions of might {!q}
 J - a potion of cancellation {!q}
 Q - 3 potions of resistance {!q}
Books
 u - a book of Misfortune
Miscellaneous
 j - 2 boxes of beasts
 L - a lightning rod (4/4) {!a}
Comestibles
 o - 39 fruits
 T - 22 bread rations {!e}


   Skills:
 - Level 15.0(14.0) Fighting
 - Level 20.0(18.9) Long Blades
 - Level 10.0(9.1) Throwing
 * Level 16.5(15.5) Armour
 - Level 16.0(15.0) Dodging
 + Level 5.8(5.0) Stealth
 - Level 4.0(3.2) Shields
 - Level 12.0(11.0) Invocations
 - Level 12.0(11.0) Evocations


You had 20 spell levels left.
You didn't know any spells.

Dungeon Overview and Level Annotations

Branches:
Dungeon (15/15)            Temple (1/1) D:7            Lair (6/6) D:11
  Swamp (4/4) Lair:2        Snake (4/4) Lair:2        Slime (0/5) Lair:5
    Orc (2/2) D:12            Elf (0/3) Orc:2        Vaults (3/5) D:14
  Crypt (0/3) Vaults:2     Depths (0/5) D:15

Altars:
Ashenzari
Cheibriados
Dithmenos
Elyvilon
Fedhas
Gozag
Hepliaklqana
Kikubaaqudgha
Makhleb
Nemelex Xobeh
Okawaru
Qazlal
Ru
Sif Muna
Trog
Uskayaw
Vehumet
Xom
Yredelemnul
Zin
The Shining One
Beogh
Jiyva

Shops:
D:6 *   D:13 [   Orc:1 *   Orc:2 }=}%[=   Snake:1 [[?[   Snake:2 :*=
Vaults:1 =   Vaults:2 *   Vaults:3 %

Annotations:
D:8 2h ogre!
Snake:1 exclusion: oklob plant
Vaults:3 Mennas


Innate Abilities, Weirdness & Mutations

You can swim through water.
You cover ground slowly.
You can hop longer distances.
You are robust. (+10% HP)


Message History

A deep elf demonologist and a deep elf sorcerer come into view.
You barely miss the deep elf sorcerer.
The deep elf sorcerer shouts!
The deep elf sorcerer hits you but does no damage.
The ironheart preserver casts a spell.
The ironheart preserver begins to accept its allies' injuries.
Your plate armour prevents you from hitting the deep elf sorcerer.
The deep elf sorcerer misses you.
The deep elf demonologist moves out of view.
A deep elf mage comes into view. It is wielding a long sword.
You slash the deep elf sorcerer!
The deep elf sorcerer is lightly wounded.
The deep elf sorcerer misses you.
You closely miss the deep elf sorcerer.
The deep elf sorcerer is lightly wounded.
You closely miss the deep elf sorcerer.
The deep elf sorcerer is lightly wounded.
The deep elf sorcerer closely misses you.
You slice the deep elf sorcerer!!
The deep elf sorcerer is moderately wounded.
The deep elf sorcerer completely misses you.
You block the deep elf sorcerer's attack.
The deep elf demonologist gestures wildly while chanting.
The deep elf sorcerer closely misses you.
The deep elf sorcerer gestures at you while chanting.
The bolt of acid misses you.
The deep elf sorcerer casts a spell at you.
You resist with almost no effort.
The deep elf demonologist casts a spell.
The deep elf sorcerer gestures at you while chanting.
The sphere of damnation explodes!
The damnation engulfs you!
The deep elf mage casts a spell.
The deep elf mage blinks!
You hear two shouts! x2
There is an open door here.
The Tzitzimitl gestures at you. The bolt of negative energy hits you!
You feel drained.
* * * LOW HITPOINT WARNING * * *
The deep elf sorcerer casts a spell at you.
The bolt of acid hits you!
* * * LOW HITPOINT WARNING * * *
You are splashed with acid!
The acid burns!
* * * LOW HITPOINT WARNING * * *
Damage: 126 (max 126) Unknown command.
The deep elf sorcerer points at you and mumbles some strange words.
The bolt of acid misses you.
The deep elf sorcerer casts a spell at you.
The sphere of damnation explodes!
The damnation engulfs you!
You die...

.....1......# #
.ep.$.ee....# ..##
............#
...##
########p#######
#....#
#...ee.#.###......
#..∩1..'..#.......
#......#.......#
#......#......##
#......##.@..##
#......###....#
#......# ##....#
#####+## +####


You could see a deep elf sorcerer.

Vanquished Creatures
  Mara (Swamp:3)
  Boris (Vaults:2)
  Sojobo (Vaults:2)
  Vashnia (Snake:1)
  Nikola (Vaults:3)
  A tentacled monstrosity (Swamp:2)
  2 sphinxes (Vaults:1)
  Kirke (Snake:2)
  Frances (D:13)
  A thorn hunter (Swamp:2)
  2 tengu reavers (Vaults:2)
  15 nagarajas
  5 vault wardens
  Aizul (Snake:2)
  The ghost of murphy the Warrior, a journeyman MiBe of Trog (Swamp:4)
  A curse skull (Vaults:2)
  6 ironheart preservers
  4 stone giants
  Nessos (D:15)
  2 deep elf demonologists (Vaults:1)
  Josephine (D:11)
  An ettin (D:15)
  A fire dragon (Vaults:2)
  Fannar (Lair:1)
  4 yaktaur captains (Vaults:1)
  3 rakshasas
  10 vault guards
  18 naga warriors
  2 ice dragons
  10 alligators
  18 hydras
  11 anacondas
  6 centaur warriors
  38 two-headed ogres
  A catoblepas (shapeshifter) (Vaults:1)
  A deep troll shaman (Vaults:1)
  A vampire mage (Vaults:2)
  4 orc high priests (Orc:2)
  8 ogre magi
  2 death yaks
  9 shock serpents
  A deep troll earth mage (Vaults:1)
  24 naga sharpshooters
  3 deep elf knights
  4 salamander mystics
  3 unseen horrors
  2 shadow wraiths
  3 skeletal warriors (Vaults:2)
  A glowing orange brain (Vaults:1)
  8 deep trolls
  11 swamp dragons
  16 naga ritualists
  A spriggan druid (Swamp:3)
  3 deep elf archers
  9 ironbrand convokers
  3 wizards
  Pikel (D:6)
  4 shambling mangroves
  9 deep elf magi
  5 orc knights (Vaults:1)
  2 necromancers (D:14)
  5 orc sorcerers
  2 wolf spiders (Vaults:1)
  14 salamanders
  11 mana vipers
  8 cyclopes
  14 ugly things
  A wolf spider (shapeshifter) (Vaults:1)
  A manticore (D:14)
  56 black mambas
  8 elephants
  9 guardian serpents
  5 vault sentinels
  35 naga magi
  A kobold demonologist (D:9)
  32 spiny frogs
  2 rime drakes
  6 komodo dragons
  A redback zombie (D:13)
  A yaktaur (shapeshifter) (D:15)
  3 freezing wraiths
  A tengu conjurer (D:15)
  13 yaktaurs
  A meliai (shapeshifter) (Vaults:3)
  10 tyrant leeches
  7 trolls
  7 hornets
  A dream sheep (Lair:3)
  A slime creature (shapeshifter) (Vaults:1)
  8 bog bodies
  2 polar bears
  14 slime creatures
  A stone giant simulacrum (Vaults:2)
  19 blink frogs
  12 hippogriffs
  A flying skull (Vaults:2)
  A shadow (D:14)
  11 wraiths
  5 redbacks (Snake:4)
  A spriggan (Swamp:2)
  7 wyverns
  2 hogs (Snake:2)
  17 humans (D:14)
  4 basilisks
  55 yaks
  17 vampire mosquitoes
  4 hungry ghosts
  3 wargs (Orc:2)
  62 nagas
  16 swamp worms
  3 soldier ants
  3 acid dragons
  13 water moccasins
  6 porcupines
  Duvessa (D:7)
  3 sky beasts
  17 swamp drakes
  31 orc warriors
  6 ice beasts
  5 black bears
  4 phantoms
  2 necrophages
  An eye of draining (D:10)
  12 wolves
  11 centaurs
  27 ogres
  17 crocodiles
  8 big kobolds
  24 bullfrogs
  Dowan (D:7)
  2 wyvern skeletons
  6 scorpions
  18 killer bees
  A wight (Vaults:2)
  3 howler monkeys
  5 electric eels
  7 crimson imps
  4 centaur zombies
  2 bullfrog zombies
  A jelly (D:5)
  22 orc wizards
  29 orc priests
  3 quasits
  Crazy Yiuf (D:2)
  7 centaur skeletons
  14 hounds
  2 bullfrog skeletons
  Terence (D:3)
  Jessica (D:3)
  6 iguanas
  14 worker ants
  Natasha (D:3)
  3 hound skeletons
  A worker ant zombie (D:9)
  13 gnolls
  2 howler monkey zombies (D:6)
  21 adders
  A river rat (Sewer)
  7 shadow imps
  3 oozes
  2 adder skeletons
  5 worms
  2 dart slugs
  4 leopard geckos
  84 orcs
  10 giant cockroaches
  9 goblins
  12 hobgoblins
  14 jackals
  9 quokkas
  5 ball pythons
  A ball python skeleton (D:4)
  10 bats
  11 frilled lizards
  A jackal zombie (D:5)
  29 kobolds
  A leopard gecko skeleton (D:5)
  A quokka skeleton (D:4)
  A quokka zombie (D:3)
  10 rats
1447 creatures vanquished.

Vanquished Creatures (collateral kills)
  A yaktaur captain (Vaults:3)
  A yaktaur (Vaults:3)
2 creatures vanquished.

Vanquished Creatures (others)
  A deep elf knight (Vaults:1)
  3 humans (Snake:2)
  A naga (Snake:3)
  A wyvern skeleton (D:15)
  14 fungi
  62 plants
82 creatures vanquished.

Grand Total: 1531 creatures vanquished

Notes
Turn   | Place    | Note
-------+----------+-------------------------------------------
     0 | D:1      | Gorice the Barachian Fighter began the quest for the Orb.
     0 | D:1      | Reached XP level 1. HP: 18/18 MP: 1/1
   129 | D:1      | Reached XP level 2. HP: 24/24 MP: 2/2
   163 | D:1      | Reached skill level 3 in Long Blades
   701 | D:2      | Reached XP level 3. HP: 22/29 MP: 3/3
   738 | D:2      | Reached skill level 4 in Long Blades
   866 | D:2      | Found a faded altar of an unknown god.
  1134 | D:2      | Reached XP level 4. HP: 32/35 MP: 4/4
  1350 | D:1      | HP: 10/35 [gnoll/spear (2)]
  1350 | D:1      | HP: 4/35 [gnoll/whip (6)]
  1667 | D:1      | Reached skill level 5 in Long Blades
  1845 | D:2      | Reached XP level 5. HP: 39/41 MP: 5/5
  2189 | D:2      | Found a runed door.
  2258 | D:3      | Found a glowing drain.
  2319 | Sewer    | Entered a sewer
  2350 | Sewer    | Noticed a big kobold
  2351 | Sewer    | Noticed a big kobold
  2378 | Sewer    | Killed a big kobold
  2378 | Sewer    | Reached skill level 4 in Armour
  2398 | Sewer    | Killed a big kobold
  2398 | Sewer    | Reached skill level 6 in Long Blades
  2398 | Sewer    | Reached XP level 6. HP: 35/47 MP: 6/6
  2858 | D:3      | Reached skill level 7 in Long Blades
  3095 | D:3      | Reached XP level 7. HP: 48/52 MP: 7/7
  3111 | D:3      | Noticed Jessica
  3112 | D:3      | Killed Jessica
  3185 | D:3      | Reached skill level 5 in Armour
  3758 | D:3      | Noticed Natasha
  3791 | D:3      | HP: 10/52 [white imp/puff of frost[Natasha] (12)]
  3792 | D:3      | HP: 2/52 [white imp/puff of frost[Natasha] (6)]
  4025 | D:3      | Noticed Terence
  4040 | D:3      | Killed Terence
  4233 | D:3      | Killed Natasha
  4394 | D:4      | Reached skill level 8 in Long Blades
  5041 | D:4      | Reached XP level 8. HP: 58/58 MP: 8/8
  5140 | D:5      | Entered Level 5 of the Dungeon
  5140 | D:5      | Found a blossoming altar of Fedhas.
  5140 | D:5      | Found a sparkling altar of Nemelex Xobeh.
  5140 | D:5      | Found a shimmering altar of Xom.
  5141 | D:5      | Found a white marble altar of Elyvilon.
  5141 | D:5      | Found a bloodstained altar of Trog.
  5142 | D:5      | Found a sacrificial altar of Ru.
  5227 | D:5      | Reached skill level 6 in Armour
  5269 | D:5      | Reached skill level 9 in Long Blades
  5310 | D:5      | HP: 14/58 [sky beast (6)]
  5579 | D:5      | Found a snail-covered altar of Cheibriados.
  6032 | D:4      | Found an ancient bone altar of Kikubaaqudgha.
  6114 | D:6      | Reached skill level 10 in Long Blades
  6131 | D:6      | Reached skill level 7 in Armour
  6433 | D:6      | Reached XP level 9. HP: 52/64 MP: 9/9
  6558 | D:6      | Found Mytsea's General Store.
  6573 | D:6      | Bought a scroll of remove curse for 33 gold pieces
  6906 | D:6      | Reached skill level 11 in Long Blades
  7012 | D:6      | Found an iron altar of Okawaru.
  7090 | D:6      | Became a worshipper of Warmaster Okawaru
  7329 | D:6      | Noticed Pikel
  7373 | D:6      | Killed Pikel
  7373 | D:6      | Reached * piety under Okawaru
  7373 | D:6      | Reached skill level 8 in Armour
  7688 | D:7      | Reached skill level 12 in Long Blades
  7791 | D:7      | Found a staircase to the Ecumenical Temple.
  7808 | Temple   | Entered the Ecumenical Temple
  8061 | Temple   | HP: 19/64 [killer bee (2)]
  8307 | Temple   | Reached ** piety under Okawaru
  8656 | D:7      | --vpUX: glass vault w minor loot (unseen horrors?)
  8873 | D:7      | Noticed Duvessa
  8873 | D:7      | Noticed Dowan
  8894 | D:7      | Killed Duvessa
  8894 | D:7      | Reached skill level 9 in Armour
  8894 | D:7      | Reached XP level 10. HP: 70/70 MP: 7/10
  8896 | D:7      | Killed Dowan
  9498 | D:8      | Noticed a two-headed ogre
  9517 | D:8      | HP: 11/70 [two-headed ogre/giant spiked club (21)]
 10020 | D:8      | Reached *** piety under Okawaru
 10025 | D:8      | Reached skill level 13 in Long Blades
 10190 | D:8      | Found a burning altar of Makhleb.
 10209 | D:8      | Reached skill level 10 in Armour
 10393 | D:8      | HP: 20/70 [two-headed ogre/giant spiked club (6)]
 10418 | D:8      | HP: 15/70 [crocodile (7)]
 10928 | D:9      | HP: 21/70 [killer bee (4)]
 10933 | D:9      | HP: 17/70 [poisoned by a killer bee]
 11082 | D:6      | Bought 2 potions of curing for 66 gold pieces
 11082 | D:6      | Bought a wand of paralysis (6/24) for 88 gold pieces
 11230 | D:2      | Noticed Crazy Yiuf
 11236 | D:2      | Killed Crazy Yiuf
 12060 | D:9      | Reached **** piety under Okawaru
 12176 | D:9      | Noticed a kobold demonologist
 12194 | D:9      | Killed a kobold demonologist
 12194 | D:9      | Reached skill level 11 in Armour
 12224 | D:9      | Reached XP level 11. HP: 75/75 MP: 11/11
 12277 | D:9      | Reached skill level 14 in Long Blades
 12349 | D:9      | HP: 21/75 [wyvern (5)]
 12434 | D:9      | Reached skill level 1 in Invocations
 13053 | D:9      | Reached skill level 2 in Invocations
 13559 | D:10     | Entered Level 10 of the Dungeon
 13581 | D:9      | Reached skill level 4 in Fighting
 13664 | D:10     | Gained mutation: You are robust. (+10% HP) [potion of beneficial mutation]
 14510 | D:10     | Noticed a two-headed ogre
 14521 | D:10     | Killed a two-headed ogre
 14521 | D:10     | Reached ***** piety under Okawaru
 14521 | D:10     | Reached skill level 5 in Fighting
 14547 | D:10     | Reached skill level 12 in Armour
 14750 | D:11     | Reached skill level 3 in Invocations
 15366 | D:11     | Found a stormy altar of Qazlal.
 15711 | D:11     | Noticed a two-headed ogre
 15725 | D:11     | Killed a two-headed ogre
 15725 | D:11     | Reached skill level 6 in Fighting
 15725 | D:11     | Reached skill level 4 in Invocations
 15743 | D:11     | Got a faintly glowing falchion
 15744 | D:11     | Identified the +2 falchion of the Vestibule of Hell {freeze, +Rage rN++ Int-2 Dex+3} (You found it on level 11 of the Dungeon)
 15768 | D:11     | Noticed a death yak
 15779 | D:10     | Noticed an unseen horror
 15812 | D:10     | Killed an unseen horror
 15986 | D:11     | Paralysed by fainting for 10 turns
 16197 | D:11     | Noticed a death yak
 16198 | D:11     | Noticed a death yak
 16224 | D:11     | Killed a death yak
 16224 | D:11     | Reached skill level 5 in Invocations
 16224 | D:11     | Reached XP level 12. HP: 61/97 MP: 13/15
 16422 | D:10     | Killed a death yak
 16422 | D:10     | Reached skill level 7 in Fighting
 16619 | D:11     | Found a staircase to the Lair.
 16692 | D:11     | Noticed a two-headed ogre
 16709 | D:11     | Killed a two-headed ogre
 16709 | D:11     | Received a gift from Okawaru
 16710 | D:11     | Got a warped executioner's axe {god gift}
 16737 | D:11     | Identified the +5 executioner's axe "Tuti" {drain, rElec} (Okawaru gifted it to you on level 11 of the Dungeon)
 16791 | Lair:1   | Entered Level 1 of the Lair of Beasts
 16803 | Lair:1   | Reached skill level 13 in Armour
 16806 | Lair:1   | Noticed Fannar
 16819 | D:11     | Reached skill level 6 in Invocations
 17013 | D:12     | Noticed Josephine
 17055 | D:11     | Killed Josephine
 17118 | D:11     | Reached skill level 8 in Fighting
 17756 | D:12     | Found a staircase to the Orcish Mines.
 18063 | D:12     | Received a gift from Okawaru
 18063 | D:12     | Reached skill level 7 in Invocations
 18350 | Orc:1    | Entered Level 1 of the Orcish Mines
 18350 | Orc:1    | Found Huadwopu's Assorted Antiques.
 18350 | Orc:1    | Noticed a two-headed ogre
 18360 | D:12     | Killed a two-headed ogre
 18513 | Orc:1    | Noticed a two-headed ogre
 18539 | D:12     | Killed a two-headed ogre
 18763 | Orc:1    | Bought a marble ring for 155 gold pieces
 18859 | Lair:1   | Reached skill level 9 in Fighting
 18906 | Lair:1   | Killed Fannar
 18906 | Lair:1   | Reached skill level 8 in Invocations
 19036 | D:11     | Reached ****** piety under Okawaru
 19036 | D:11     | Gained mutation: You can hop longer distances. [Barachian growth]
 19036 | D:11     | Reached XP level 13. HP: 106/111 MP: 19/19
 19375 | Orc:2    | Entered Level 2 of the Orcish Mines
 19375 | Orc:2    | Found Zagume's Quality Used Wands.
 19394 | Orc:1    | Reached skill level 14 in Armour
 19972 | Orc:2    | Paralysed by an orc sorcerer for 5 turns
 19981 | Orc:2    | Received a gift from Okawaru
 20024 | Orc:2    | Identified a +1 pair of boots of running (Okawaru gifted it to you on level 2 of the Orcish Mines)
 20024 | Orc:2    | --nice
 20034 | Orc:2    | --at least I'm normal speed now!
 20315 | Orc:2    | Reached skill level 10 in Fighting
 21113 | Orc:2    | Found Xoupoj's Jewellery Shop.
 21115 | Orc:2    | Found a staircase to the Elven Halls.
 21248 | Orc:2    | Found a roughly hewn altar of Beogh.
 21518 | Orc:2    | Found Vousomya's Jewellery Shop.
 21518 | Orc:2    | Found Fampuh's Food Boutique.
 21519 | Orc:2    | Found Uxais's Armour Boutique.
 21522 | Orc:2    | Found Hippusof's Gadget Shop.
 21557 | Orc:2    | Bought a +0 pair of gloves of dexterity for 172 gold pieces
 22276 | Lair:2   | Reached skill level 15 in Armour
 22299 | Lair:2   | Found a staircase to the Snake Pit.
 22349 | Lair:2   | Reached skill level 15 in Long Blades
 23287 | Lair:2   | Found a staircase to the Swamp.
 23476 | Orc:2    | Bought an uncursed ring of poison resistance for 300 gold pieces
 23835 | Lair:3   | Received a gift from Okawaru
 24567 | Lair:3   | Reached XP level 14. HP: 114/121 MP: 20/20
 25013 | Lair:4   | Reached skill level 16 in Armour
 25123 | Lair:4   | Reached skill level 16 in Long Blades
 25123 | Lair:4   | Reached skill level 1 in Dodging
 25688 | Lair:4   | Reached skill level 2 in Dodging
 25954 | Lair:5   | Found a staircase to the Slime Pits.
 25962 | Lair:5   | Found a viscous altar of Jiyva.
 26477 | Lair:5   | Received a gift from Okawaru
 26477 | Lair:5   | Reached skill level 3 in Dodging
 26478 | Lair:5   | Got a pair of pitted boots {god gift}
 26489 | Lair:5   | Identified the +0 pair of boots of Okawaru's Displeasure {rF+} (Okawaru gifted it to you on level 5 of the Lair of Beasts)
 26680 | Lair:6   | Entered Level 6 of the Lair of Beasts
 27222 | Lair:5   | Reached skill level 4 in Dodging
 27335 | Lair:5   | Reached skill level 11 in Fighting
 27676 | Lair:6   | Reached skill level 5 in Dodging
 28424 | Lair:6   | Received a gift from Okawaru
 28567 | Lair:6   | Reached skill level 6 in Dodging
 28649 | Lair:6   | Got a spiked cloak
 28653 | Lair:6   | Reached skill level 12 in Fighting
 28661 | Lair:6   | Got a slimy morningstar
 28678 | Lair:6   | Identified the cursed +0 cloak of the Robin {*Drain rElec Dex+2 Slay+3} (You found it on level 6 of the Lair of Beasts)
 28843 | Lair:6   | Reached XP level 15. HP: 93/132 MP: 16/21
 28886 | Lair:6   | Reached skill level 7 in Dodging
 29494 | D:13     | Noticed Frances
 29515 | D:13     | Killed Frances
 29874 | D:13     | Found Botsecaf's Armour Boutique.
 30048 | D:13     | Received a gift from Okawaru
 30056 | D:13     | Reached skill level 8 in Dodging
 30115 | D:13     | Reached skill level 13 in Fighting
 31107 | D:14     | Received a gift from Okawaru
 31177 | D:14     | Reached skill level 9 in Dodging
 31275 | D:14     | Found a gate to the Vaults.
 31459 | D:15     | Entered Level 15 of the Dungeon
 31586 | D:15     | Found a roughly hewn altar of Beogh.
 31686 | D:15     | Reached skill level 14 in Fighting
 31919 | D:15     | Paralysed by an orc sorcerer for 6 turns
 31935 | D:15     | HP: 35/138 [ettin/dire flail (27)]
 32316 | D:15     | Found a staircase to the Depths.
 32396 | D:15     | Noticed Nessos
 32409 | D:15     | Killed Nessos
 32409 | D:15     | Reached skill level 10 in Dodging
 32832 | Snake:1  | Entered Level 1 of the Snake Pit
 32899 | Snake:1  | Found Pyonanam's Armour Emporium.
 32901 | Snake:1  | Found Adathaj's Magic Scroll Emporium.
 32901 | Snake:1  | Found Veniejyit's Armour Emporium.
 32903 | Snake:1  | Found Pogack's Armour Emporium.
 32975 | Snake:1  | Reached XP level 16. HP: 78/147 MP: 22/22
 33095 | Snake:1  | --3 armour shops an not a single helmet - bah!
 33369 | Snake:1  | Found a bloodstained altar of Trog.
 33876 | Snake:1  | Received a gift from Okawaru
 34403 | Snake:1  | Reached skill level 15 in Fighting
 34491 | Snake:2  | Reached skill level 1 in Evocations
 34494 | Snake:2  | Reached skill level 11 in Dodging
 34511 | Snake:2  | Found Qanofri's General Store.
 34538 | Snake:2  | Found Hoebb's Jewellery Shop.
 34574 | Snake:2  | Reached skill level 2 in Evocations
 34642 | Snake:2  | Noticed Kirke
 34642 | Snake:2  | Noticed Vashnia
 34681 | Snake:2  | Received a gift from Okawaru
 34974 | Snake:1  | Killed Vashnia
 34974 | Snake:1  | Reached skill level 3 in Evocations
 35063 | Snake:2  | Reached skill level 4 in Evocations
 35285 | Snake:2  | Found Guah's Book Emporium.
 35335 | Snake:2  | Noticed a nagaraja
 35367 | Snake:2  | Killed a nagaraja
 35375 | Snake:2  | Noticed Aizul
 35419 | Snake:2  | Killed Aizul
 35453 | Snake:2  | HP: 40/149 [anaconda (13)]
 35458 | Snake:2  | HP: 21/149 [anaconda (10)]
 35862 | Snake:2  | Reached skill level 5 in Evocations
 35898 | Snake:2  | HP: 43/149 [poisoned by a guardian serpent (bolt of poison)]
 35906 | Snake:2  | HP: 43/149 [naga/hand axe (3)]
 35911 | Snake:2  | HP: 32/149 [poisoned by a guardian serpent (bolt of poison)]
 35916 | Snake:2  | HP: 26/149 [poisoned by a guardian serpent (bolt of poison)]
 35922 | Snake:2  | HP: 16/149 [poisoned by a guardian serpent (bolt of poison)]
 35928 | Snake:2  | HP: 17/149 [poisoned by a guardian serpent (bolt of poison)]
 35933 | Snake:2  | HP: 24/149 [black mamba (3)]
 35981 | Snake:2  | HP: 40/149 [naga sharpshooter/arrow (3)]
 35994 | Snake:2  | Reached skill level 12 in Dodging
 36004 | Snake:1  | HP: 44/149 [poisoned by a naga (splash of poison)]
 36328 | Snake:2  | Found a basalt altar of Yredelemnul.
 36456 | Snake:2  | Reached skill level 6 in Evocations
 36560 | Snake:2  | Received a gift from Okawaru
 37090 | Snake:2  | Got a dazzling buckler
 37183 | Snake:2  | Reached skill level 7 in Evocations
 37187 | Snake:2  | HP: 35/149 [naga sharpshooter/bolt (20)]
 37583 | Snake:2  | Reached XP level 17. HP: 126/156 MP: 23/23
 37836 | Snake:2  | Killed Kirke
 37883 | Snake:2  | Identified the +1 buckler "Miewnug" {rC+ Int+4} (You found it on level 2 of the Snake Pit)
 38171 | Swamp:1  | Entered Level 1 of the Swamp
 38252 | Swamp:1  | Got a pair of transparent gloves
 38253 | Swamp:1  | Identified the cursed +0 pair of gloves "Hocepat" {rElec SInv} (You found it on level 1 of the Swamp)
 38380 | Swamp:1  | Reached skill level 8 in Evocations
 38391 | Swamp:1  | Received a gift from Okawaru
 38391 | Swamp:1  | Reached skill level 4 in Shields
 38425 | Swamp:1  | Reached skill level 13 in Dodging
 39157 | Swamp:2  | HP: 42/156 [alligator (10)]
 39487 | Swamp:2  | Noticed a tentacled monstrosity
 39503 | Swamp:2  | Killed a tentacled monstrosity
 39531 | Swamp:2  | Reached skill level 9 in Evocations
 39736 | Swamp:2  | Found a shimmering altar of Xom.
 40448 | Swamp:3  | Received a gift from Okawaru
 40497 | Swamp:3  | Noticed Mara
 40510 | Swamp:3  | Noticed Gorice's illusion
 40514 | Swamp:3  | Killed Mara
 40514 | Swamp:3  | Reached skill level 14 in Dodging
 40514 | Swamp:3  | Reached skill level 10 in Evocations
 41229 | Swamp:4  | Entered Level 4 of the Swamp
 41630 | Swamp:4  | Noticed murphy's ghost (journeyman MiBe)
 41658 | Swamp:4  | Killed murphy's ghost
 41755 | Swamp:4  | Received a gift from Okawaru
 41940 | Swamp:4  | Reached XP level 18. HP: 128/163 MP: 26/26
 42029 | Swamp:4  | Got a decaying rune of Zot
 42133 | Swamp:4  | Reached skill level 11 in Evocations
 43141 | Snake:3  | Reached skill level 15 in Dodging
 43774 | Snake:3  | Received a gift from Okawaru
 44098 | Snake:3  | Reached skill level 12 in Evocations
 44250 | Snake:3  | Reached skill level 9 in Invocations
 44313 | Snake:2  | HP: 48/163 [poisoned by a nagaraja (splash of poison)]
 44318 | Snake:2  | HP: 46/163 [poisoned by a nagaraja (splash of poison)]
 44324 | Snake:2  | HP: 44/163 [poisoned by a nagaraja (splash of poison)]
 44329 | Snake:2  | HP: 44/163 [poisoned by a nagaraja (splash of poison)]
 44336 | Snake:2  | HP: 45/163 [poisoned by a nagaraja (splash of poison)]
 44344 | Snake:2  | HP: 45/163 [poisoned by a nagaraja (splash of poison)]
 45412 | Snake:3  | Reached skill level 16 in Dodging
 45420 | Snake:3  | Reached skill level 10 in Invocations
 45643 | Snake:4  | Entered Level 4 of the Snake Pit
 45695 | Snake:4  | Reached skill level 1 in Throwing
 45704 | Snake:4  | Received a gift from Okawaru
 45980 | Snake:4  | Reached skill level 2 in Throwing
 46106 | Snake:4  | Reached skill level 3 in Throwing
 46460 | Snake:4  | Reached XP level 19. HP: 170/170 MP: 28/28
 46563 | Snake:4  | Received a gift from Okawaru
 46575 | Snake:4  | Reached skill level 11 in Invocations
 46739 | Snake:4  | Reached skill level 4 in Throwing
 47158 | Snake:4  | Reached skill level 5 in Throwing
 47203 | Snake:4  | HP: 48/170 [naga sharpshooter/bolt (6)]
 47207 | Snake:4  | Upgraded the game from 0.20-a0-513-g02c11fc to 0.20-a0-517-g5f97612
 47209 | Snake:4  | HP: 47/170 [poisoned by a naga ritualist (toxic radiance)]
 47214 | Snake:4  | HP: 37/170 [poisoned by a naga ritualist (toxic radiance)]
 47220 | Snake:4  | HP: 37/170 [poisoned by a naga ritualist (toxic radiance)]
 47228 | Snake:4  | HP: 38/170 [poisoned by a naga ritualist (toxic radiance)]
 47236 | Snake:4  | HP: 39/170 [poisoned by a naga ritualist (toxic radiance)]
 47251 | Snake:4  | HP: 40/170 [black mamba (4)]
 47296 | Snake:4  | HP: 51/170 [nagaraja/splash of poison (6)]
 47642 | Snake:4  | Reached skill level 12 in Invocations
 47813 | Snake:4  | Reached skill level 6 in Throwing
 48355 | Snake:4  | Received a gift from Okawaru
 48484 | Snake:4  | Got a serpentine rune of Zot
 48931 | D:14     | Reached skill level 7 in Throwing
 48952 | Vaults:1 | Entered Level 1 of the Vaults
 49050 | Vaults:1 | Received a gift from Okawaru
 49186 | Vaults:1 | Received a gift from Okawaru
 49473 | Vaults:1 | Received a gift from Okawaru
 49479 | Vaults:1 | Got a faintly glowing scimitar {god gift}
 49526 | Vaults:1 | Reached skill level 17 in Long Blades
 49526 | Vaults:1 | Reached skill level 8 in Throwing
 49538 | D:14     | Identified the +10 scimitar of Guile {drain, Int+2} (Okawaru gifted it to you on level 1 of the Vaults)
 50235 | D:14     | Received a gift from Okawaru
 50235 | D:14     | Reached XP level 20. HP: 115/178 MP: 29/29
 50547 | Vaults:1 | Paralysed by an ogre mage for 4 turns
 51480 | Vaults:1 | Reached skill level 18 in Long Blades
 51491 | Vaults:1 | Reached skill level 9 in Throwing
 51724 | Vaults:1 | Got a transparent plate armour
 51788 | Vaults:1 | Identified the +2 plate armour of Rationality {-Tele rElec MR+} (You found it on level 1 of the Vaults)
 52282 | Vaults:1 | Found Reegae's Jewellery Shoppe.
 52709 | Snake:1  | Bought a scroll of enchant armour for 90 gold pieces
 52709 | Snake:1  | Bought a scroll of enchant armour for 90 gold pieces
 52709 | Snake:1  | Bought a scroll of enchant weapon for 90 gold pieces
 52709 | Snake:1  | Bought a scroll of enchant armour for 90 gold pieces
 52925 | Orc:2    | Bought an uncursed ring of protection from magic for 300 gold pieces
 53172 | Vaults:2 | Received a gift from Okawaru
 53496 | Vaults:1 | Noticed a Tzitzimitl
 53496 | Vaults:1 | Received a gift from Okawaru
 53540 | Vaults:1 | Got a pair of ichor-stained gloves {god gift}
 53584 | Vaults:1 | Identified the +0 pair of gloves of Rotation {+Inv Dex+2 Stlth+} (Okawaru gifted it to you on level 1 of the Vaults)
 54053 | Vaults:1 | Reached skill level 19 in Long Blades
 54410 | Vaults:2 | Reached skill level 10 in Throwing
 54448 | Vaults:2 | Reached skill level 1 in Stealth
 54583 | Vaults:2 | Found a staircase to the Crypt.
 54591 | Vaults:2 | HP: 49/178 [??? (46)]
 54967 | Vaults:2 | Reached skill level 2 in Stealth
 54973 | Vaults:2 | HP: 46/178 [cyclops (22)]
 55226 | Vaults:2 | Noticed Sojobo
 55261 | Vaults:2 | Killed Sojobo
 55270 | Vaults:2 | Reached skill level 3 in Stealth
 55380 | Vaults:2 | Found Yzxiet's General Store.
 55414 | Vaults:2 | Bought a potion of heal wounds for 80 gold pieces
 55503 | Vaults:2 | Noticed Boris
 55531 | Vaults:2 | Killed Boris
 55531 | Vaults:2 | Reached skill level 4 in Stealth
 55531 | Vaults:2 | Reached XP level 21. HP: 135/184 MP: 24/30
 55762 | Vaults:2 | Received a gift from Okawaru
 56080 | Vaults:3 | Noticed Nikola
 56104 | Vaults:3 | Killed Nikola
 56104 | Vaults:3 | Reached skill level 20 in Long Blades
 56104 | Vaults:3 | Reached skill level 5 in Stealth
 56275 | Vaults:3 | Noticed Mennas
 56369 | Vaults:3 | HP: 54/184 [ironheart preserver/great mace[a vault warden] (9)]
 56508 | Vaults:3 | HP: 52/184 [Mennas/sacred scourge of holy wrath (10)]
 56903 | Vaults:3 | Found Woqy's Food Shop.
 56935 | Vaults:3 | HP: 43/184 [deep elf sorcerer/bolt of acid[an ironheart preserver] (14)]
 56937 | Vaults:3 | Killed from afar by a deep elf sorcerer

Vault maps used:
D:1:      dpeg_arrival_arbitrary_c
D:2:      chequers_ecumenical_altar_simple, uniq_crazy_yiuf_cottage
D:3:      gup_sewer_entry_glass, uniq_jessica, uniq_terence, uniq_natasha
D:4:      nicolae_overflow_hidden_temple, serial_bayou_lagoon_a,
          kennysheep_nondescript
D:5:      grunt_temple_overflow_open, nicolae_overflow_crystal_walls,
          first_bread, eino_curves_01, hex_medium
D:6:      minmay_diamond_boxcup, okawaru_altar_gauntlet_db, serial_shops, shop,
          uniq_pikel
D:7:      serial_glass, glass_columns_b, glass_columns_c, glass_columns_b,
          glass_columns_a, glass_columns_b, glass_columns_a, glass_columns_c,
          glass_columns_b, glass_columns_b, glass_columns_a, glass_columns_c,
          glass_columns_b, glass_columns_b, glass_columns_b,
          due_unseen_surprise, feat_on_display, uniq_duvessa
D:8:      overflow_temple_1_default, minmay_misc_feat_alley, blue_anna_alchemist
D:9:      minmay_imperfect_grid, grunt_ministairs_3, minmay_misc_feat_pillars,
          nrook_loot_triangle
D:10:     serial_glass, glass_columns_a, glass_columns_b, glass_columns_c,
          glass_columns_c, glass_columns_a
D:11:     dpeg_lair_monsters, grunt_qazlal_sundering
D:12:     orc_david_3, minivault_26, uniq_josephine
D:13:     serial_shops, kennysheep_mini_moat, uniq_frances
D:14:     grunt_vaults_entry_tiered
D:15:     hangedman_depths_entry_civil_slaughter, special_room,
          roderic_serpentine_path, uniq_nessos
Temple:   minmay_temple_curvy_loop
Lair:1:   grunt_megastairs_3, uniq_fannar
Lair:2:   minmay_swamp_entry_worms, dummy_snake_entry
Lair:3:   grunt_forest_large_clearing_hut
Lair:5:   slime_altar_1
Lair:6:   minmay_lair_end_frog_pond
Swamp:1:  hangedman_swamp_blocks, swamp_pool3
Swamp:2:  nicolae_swamp_godswood, swamp_pool4
Swamp:3:  hangedman_swamp_pad, uniq_mara
Swamp:4:  swamp_alternative, swamp_pool4
Snake:1:  minmay_shop_grid_forest, lemuel_oklob_altar, serial_bayou_shore_b,
          grunt_megastairs_2
Snake:2:  basic_altar, serial_shops, shop, nicolae_shop_trees, shop,
          hangedman_snake_corridor_cut, basic_stair_grate_trap, uniq_vashnia,
          uniq_aizul, uniq_kirke
Snake:3:  nicolae_aizul_guard, st_stairs_7, grunt_megastairs_1
Snake:4:  snake_pit, serial_bayou_pond_c, spider_trap, hangedman_snake_pattern
Orc:1:    serial_shops, shop
Orc:2:    st_orc_mages, serial_shops, shop, basic_altar,
          nicolae_for_you_no_charge
Vaults:1: v_misc_28, nicolae_vaults_disjoint_gnomons, v_misc_8,
          grunt_vaults_swirl, hangedman_vaults_stream, v_misc_11,
          nicolae_vaults_three_branches, vaults_dpeg_cross,
          vaults_room_mumra_shop_pool, vaults_room_grid, vaults_room_hallway,
          ontoclasm_vaults_loading_screen, vaults_room_pools
Vaults:2: minmay_crypt_entry_simple_plaza, vaults_room_door_ring,
          v_alt_pattern_1, nicolae_vaults_ninety_degrees,
          nicolae_vaults_little_squares_3, vaults_room_grid, v_misc_3, v_misc_3,
          hangedman_vaults_stagger, vaults_room_pool, grunt_vaults_diagonal,
          v_pattern_3, hangedman_vaults_slice, vaults_mumra_lcd,
          nicolae_vaults_ring_of_whatevers, serial_shops, shop, uniq_boris,
          uniq_sojobo
Vaults:3: vaults_standard_mumra_lines, ontoclasm_vaults_claustrophobia,
          nicolae_vaults_network_star, hangedman_vaults_capsules,
          vaults_dpeg_ring, grunt_vaults_funnel, nicolae_vaults_angled_halls,
          grunt_vaults_twisty, v_misc_26, nicolae_vaults_little_squares_4,
          v_misc_8, ontoclasm_vaults_decontamination, serial_shops, shop,
          uniq_nikola, uniq_jorgrun, uniq_mennas
Sewer:    sewer_co_15_rooms

Skill      XL: |  1  2  3  4  5  6  7  8  9 10 11 12 13 14 15 16 17 18 19 20 21 |
---------------+----------------------------------------------------------------+-----
Long Blades    | 3 4 5 6 7 8 10 12 13 14 15 16 17 19 20 | 20.0
Armour         | 4 5 7 9 11 12 13 15 16 | 16.5
Invocations    | 5 8 10 12 | 12.0
Fighting       | 6 9 10 12 14 15 | 15.0
Dodging        | 6 10 12 14 16 | 16.0
Evocations     | 7 10 12 | 12.0
Shields        | 4 |  4.0
Throwing       | 3 8 10 | 10.0
Stealth        | 4 5 |  5.8

Action                   |  1- 3 |  4- 6 |  7- 9 | 10-12 | 13-15 | 16-18 | 19-21 || total
-------------------------+-------+-------+-------+-------+-------+-------+-------++-------
Melee: Long sword        |   112 |   302 |   724 |  1185 |       |       |       ||  2323
       Falchion          |       |       |       |   245 |       |       |       ||   245
       Double sword      |       |       |       |    99 |  1597 |   742 |    72 ||  2510
       Demon blade       |       |       |       |       |       |   709 |  1320 ||  2029
       Scimitar          |       |       |       |       |       |    69 |    73 ||   142
 Fire: Blowgun           |       |       |       |       |     1 |     1 |     3 ||     5
Throw: Stone             |       |     2 |     3 |     2 |       |       |       ||     7
       Tomahawk          |       |       |    20 |    37 |    85 |    32 |     2 ||   176
Invok: Heroism           |       |       |     3 |    31 |    26 |    18 |    13 ||    91
       Finesse           |       |       |       |     2 |     9 |     5 |     6 ||    22
 Abil: Hop               |       |     1 |     2 |     3 |     4 |     3 |     6 ||    19
Evoke: Wand              |       |       |       |    11 |    14 |       |       ||    25
       Sack of spiders   |       |       |       |       |       |       |     1 ||     1
  Use: Scroll            |     3 |     6 |    14 |    12 |     7 |     8 |     9 ||    59
       Potion            |       |     2 |     7 |     2 |       |     2 |     2 ||    15
 Stab: Paralysed         |       |       |       |    12 |     2 |       |       ||    14
       Petrified         |       |       |       |       |       |       |     1 ||     1
  Eat: Chunk             |     1 |     8 |    20 |    34 |    46 |    26 |    24 ||   159
       Royal jelly       |       |       |     1 |       |       |     3 |       ||     4
       Meat ration       |       |       |       |     1 |       |       |     1 ||     2
       Bread ration      |       |       |       |       |       |     3 |     1 ||     4
Armor: Scale mail        |    69 |       |       |       |       |       |       ||    69
       Plate armour      |       |   192 |   443 |   778 |   669 |   481 |   450 ||  3013
Dodge: Dodged            |    32 |    37 |   115 |   230 |   505 |   828 |   704 ||  2451
Block: Shield            |    48 |   137 |   318 |   523 |   592 |   255 |       ||  1873
       Buckler           |       |       |       |       |       |   216 |   315 ||   531
       Rpst.: Long sword |    12 |     8 |    43 |    49 |       |       |       ||   112
       Falchion          |       |       |       |    15 |       |       |       ||    15
       Double sword      |       |       |       |     4 |   117 |   104 |     9 ||   234
       Demon blade       |       |       |       |       |       |    60 |   111 ||   171
       Scimitar          |       |       |       |       |       |     5 |    14 ||    19

Table legend:
 A = Turns spent in this place as a percentage of turns spent in the entire game.
 B = Non-inter-level travel turns spent in this place as a percentage of non-inter-level travel turns spent in the entire game.
 C = Inter-level travel turns spent in this place as a percentage of turns spent in this place.
 D = Turns resting spent in this place as a percentage of non-inter-level travel turns spent in this place.
 E = Turns spent auto-exploring this place as a percentage of non-inter-level travel turns spent in this place.
 F = Non-inter-level travel turns spent in this place divided by the number of levels of this place that you've seen.
                   A       B       C       D       E      F
               +-------+-------+-------+-------+-------+----------------------
         Total | 100.0 | 100.0 |   0.6 |   3.4 |   3.4 | 604.6
       Dungeon |  37.4 |  37.4 |   0.6 |   3.1 |   4.1 | 542.3
        Temple |   0.6 |   0.6 |   0.7 |   4.4 |   8.8 | 136.0
          Lair |  14.6 |  14.5 |   1.1 |   1.8 |   3.2 | 527.7
         Swamp |   6.6 |   6.6 |   0.8 |   2.8 |   6.6 | 356.5
     Snake Pit |  21.6 |  21.7 |   0.4 |   5.1 |   2.3 | 1179.5
  Orcish Mines |   5.8 |   5.8 |   0.7 |   4.5 |   1.7 | 628.5
        Vaults |  12.0 |  12.0 |   0.5 |   2.6 |   2.2 | 873.3
         Sewer |   1.4 |   1.4 |   0.0 |   2.6 |   4.5 | 309.0
               +-------+-------+-------+-------+-------+----------------------

Vault maps used:
D:1:      dpeg_arrival_arbitrary_c
D:2:      chequers_ecumenical_altar_simple, uniq_crazy_yiuf_cottage
D:3:      gup_sewer_entry_glass, uniq_jessica, uniq_terence, uniq_natasha
D:4:      nicolae_overflow_hidden_temple, serial_bayou_lagoon_a,
          kennysheep_nondescript
D:5:      grunt_temple_overflow_open, nicolae_overflow_crystal_walls,
          first_bread, eino_curves_01, hex_medium
D:6:      minmay_diamond_boxcup, okawaru_altar_gauntlet_db, serial_shops, shop,
          uniq_pikel
D:7:      serial_glass, glass_columns_b, glass_columns_c, glass_columns_b,
          glass_columns_a, glass_columns_b, glass_columns_a, glass_columns_c,
          glass_columns_b, glass_columns_b, glass_columns_a, glass_columns_c,
          glass_columns_b, glass_columns_b, glass_columns_b,
          due_unseen_surprise, feat_on_display, uniq_duvessa
D:8:      overflow_temple_1_default, minmay_misc_feat_alley, blue_anna_alchemist
D:9:      minmay_imperfect_grid, grunt_ministairs_3, minmay_misc_feat_pillars,
          nrook_loot_triangle
D:10:     serial_glass, glass_columns_a, glass_columns_b, glass_columns_c,
          glass_columns_c, glass_columns_a
D:11:     dpeg_lair_monsters, grunt_qazlal_sundering
D:12:     orc_david_3, minivault_26, uniq_josephine
D:13:     serial_shops, kennysheep_mini_moat, uniq_frances
D:14:     grunt_vaults_entry_tiered
D:15:     hangedman_depths_entry_civil_slaughter, special_room,
          roderic_serpentine_path, uniq_nessos
Temple:   minmay_temple_curvy_loop
Lair:1:   grunt_megastairs_3, uniq_fannar
Lair:2:   minmay_swamp_entry_worms, dummy_snake_entry
Lair:3:   grunt_forest_large_clearing_hut
Lair:5:   slime_altar_1
Lair:6:   minmay_lair_end_frog_pond
Swamp:1:  hangedman_swamp_blocks, swamp_pool3
Swamp:2:  nicolae_swamp_godswood, swamp_pool4
Swamp:3:  hangedman_swamp_pad, uniq_mara
Swamp:4:  swamp_alternative, swamp_pool4
Snake:1:  minmay_shop_grid_forest, lemuel_oklob_altar, serial_bayou_shore_b,
          grunt_megastairs_2
Snake:2:  basic_altar, serial_shops, shop, nicolae_shop_trees, shop,
          hangedman_snake_corridor_cut, basic_stair_grate_trap, uniq_vashnia,
          uniq_aizul, uniq_kirke
Snake:3:  nicolae_aizul_guard, st_stairs_7, grunt_megastairs_1
Snake:4:  snake_pit, serial_bayou_pond_c, spider_trap, hangedman_snake_pattern
Orc:1:    serial_shops, shop
Orc:2:    st_orc_mages, serial_shops, shop, basic_altar,
          nicolae_for_you_no_charge
Vaults:1: v_misc_28, nicolae_vaults_disjoint_gnomons, v_misc_8,
          grunt_vaults_swirl, hangedman_vaults_stream, v_misc_11,
          nicolae_vaults_three_branches, vaults_dpeg_cross,
          vaults_room_mumra_shop_pool, vaults_room_grid, vaults_room_hallway,
          ontoclasm_vaults_loading_screen, vaults_room_pools
Vaults:2: minmay_crypt_entry_simple_plaza, vaults_room_door_ring,
          v_alt_pattern_1, nicolae_vaults_ninety_degrees,
          nicolae_vaults_little_squares_3, vaults_room_grid, v_misc_3, v_misc_3,
          hangedman_vaults_stagger, vaults_room_pool, grunt_vaults_diagonal,
          v_pattern_3, hangedman_vaults_slice, vaults_mumra_lcd,
          nicolae_vaults_ring_of_whatevers, serial_shops, shop, uniq_boris,
          uniq_sojobo
Vaults:3: vaults_standard_mumra_lines, ontoclasm_vaults_claustrophobia,
          nicolae_vaults_network_star, hangedman_vaults_capsules,
          vaults_dpeg_ring, grunt_vaults_funnel, nicolae_vaults_angled_halls,
          grunt_vaults_twisty, v_misc_26, nicolae_vaults_little_squares_4,
          v_misc_8, ontoclasm_vaults_decontamination, serial_shops, shop,
          uniq_nikola, uniq_jorgrun, uniq_mennas
Sewer:    sewer_co_15_rooms
